Map: 옥사이드 - 래더

Players

Solar - Winner!

  • Race: Zerg Zerg
  • Spawn Location: 7:00

PtitDrogo

  • Race: Protoss Protoss
  • Spawn Location: 1:00

Event: StayAtHome Story Cup #3

VOD

Have the link to the VOD?

Description

Time

  • Played on: March 11, 2021, 7:21 a.m.
  • Length: 9:15

All games in this series

Show
View Real Time Build Order
Export as new Build Order

Solar Zerg - Winner!

Build Orders: Hatch First, Swarm Host 

Get SALT Encoding   

  12  0:00  Drone  
  13  0:12  Overlord  
  13  0:16  Drone  
  14  0:31  Drone x2  
  16  0:48  Hatchery  
  15  0:51  Drone  
  15  0:54  Drone  
  17  0:57  Drone  
  18  1:07  Extractor  
  17  1:13  Spawning Pool  
  17  1:15  Drone  
  17  1:19  Drone  
  18  1:28  Drone  
  19  1:38  Drone  
  20  1:49  Overlord  
  20  2:00  Queen x2  
  24  2:01  Zergling x2  
  24  2:02  Zergling x2  
  26  2:10  Drone x2  
  26  2:15  Metabolic Boost  
  28  2:21  Drone x2  
  30  2:34  Hatchery  
  30  2:35  Drone  
  30  2:41  Queen  
  32  2:46  Overlord  
  32  2:49  Drone  
  33  2:53  Drone x2  
  33  2:56  Drone  
  36  3:05  Drone x2  
  38  3:09  Drone x3  
  38  3:11  Overlord  
  38  3:12  Drone  
  42  3:17  Queen  
  44  3:22  Overlord  
  44  3:30  Drone, Spore Crawler  
  44  3:31  Zergling x6  
  47  3:42  Drone x2  
  47  3:43  Zergling x2  
  47  3:44  Spore Crawler  
  47  3:46  Queen  
  47  3:47  Drone  
  52  3:50  Queen  
  52  3:54  Drone x2  
  56  3:59  Spore Crawler  
  56  4:02  Drone  
  55  4:03  Drone x2  
  55  4:04  Drone x2  
  55  4:08  Drone  
  60  4:10  Zergling x4  
  60  4:16  Overlord  
  60  4:19  Drone x2  
  60  4:22  Drone  
  60  4:25  Lair  
  60  4:27  Overlord  
  60  4:28  Drone  
  60  4:29  Drone x2  
  63  4:32  Zergling x4  
  63  4:36  Roach Warren  
  64  4:39  Extractor  
  64  4:40  Drone x2, Extractor  
  64  4:41  Drone  
  64  4:43  Zergling x4  
  67  4:46  Drone x2  
  67  4:51  Overlord  
  69  4:54  Drone x2  
  69  4:57  Drone  
  69  4:59  Drone x2  
  74  5:01  Drone, Overlord  
  74  5:03  Drone x2  
  74  5:05  Drone, Extractor  
  74  5:06  Drone  
  78  5:07  Drone  
  78  5:13  Drone x2  
  82  5:14  Drone  
  82  5:16  Overlord  
  82  5:18  Extractor  
  82  5:19  Extractor, Drone, Evolution Chamber  
  80  5:24  Overseer  
  80  5:26  Drone  
  80  5:27  Overlord  
  81  5:29  Overlord  
  81  5:32  Overlord  
  81  5:34  Zergling x4  
  82  5:37  Overlord  
  82  5:38  Drone  
  82  5:39  Drone  
  82  5:42  Glial Reconstitution  
  84  5:48  Drone  
  84  5:49  Drone x2  
  87  5:52  Drone  
  87  5:53  Overseer  
  87  5:55  Drone  
  89  5:58  Zerg Missile Weapons Level 1  
  89  5:59  Hatchery  
  89  6:02  Drone  
  89  6:03  Infestation Pit  
  88  6:06  Roach x4  
  96  6:11  Roach x3  
  96  6:16  Queen  
  96  6:18  Drone  
  100  6:19  Drone x3  
  100  6:22  Overlord  
  103  6:26  Overlord  
  103  6:33  Overlord  
  103  6:40  Overlord  
  103  6:43  Swarm Host  
  103  6:44  Swarm Host x5  
  103  6:45  Swarm Host  
  124  6:49  Swarm Host  
  124  6:52  Swarm Host x2  
  124  6:54  Swarm Host  
  133  6:57  Swarm Host  
  133  6:59  Swarm Host  
  142  7:01  Overlord  
  142  7:04  Overlord  
  142  7:07  Roach x2  
  145  7:14  Roach x5  
  154  7:22  Zergling x12  
  159  7:28  Overlord  
  158  7:32  Zergling x10  
  162  7:40  Drone  
  162  7:41  Drone  
  162  7:42  Overlord  
  162  7:43  Roach  
  162  7:44  Roach x3  
  172  7:46  Ravager x5  
  181  7:51  Roach x2  
  181  7:55  Roach  
  183  7:59  Overlord  
  183  8:01  Roach x2  
  187  8:09  Roach x2  
  187  8:12  Roach  
  191  8:13  Overlord  
  191  8:16  Queen, Overlord  
  193  8:21  Overlord  
  193  8:24  Overlord  
  193  8:26  Roach x2  
  192  8:27  Roach x4  
  186  8:35  Roach x3  
  186  8:36  Roach x3  
  186  8:37  Roach  
  186  8:39  Roach  
  198  8:42  Roach  
  198  8:47  Zergling x2  
  198  8:48  Zergling x4  
  200  8:49  Roach  
Show
View Real Time Build Order
Export as new Build Order

PtitDrogo Protoss 

Build Orders: 1 Gate Expand, Oracle Opening 

Get SALT Encoding   

  12  0:00  Probe  
  13  0:12  Probe  
  14  0:18  Pylon  
  14  0:24  Probe  
  15  0:29  Assimilator  
  15  0:37  Probe (Chrono Boost)  
  16  0:46  Probe (Chrono Boost)  
  16  0:47  Gateway  
  17  0:51  Probe (Chrono Boost)  
  18  1:03  Probe  
  19  1:15  Probe  
  20  1:23  Nexus  
  20  1:34  Cybernetics Core  
  20  1:36  Probe  
  21  1:41  Assimilator  
  21  1:48  Probe  
  21  1:50  Pylon  
  22  2:01  Probe  
  23  2:08  Adept (Chrono Boost)  
  23  2:10  Stargate  
  23  2:14  Probe  
  26  2:19  Warp Gate  
  26  2:27  Probe (Chrono Boost)  
  27  2:31  Stalker  
  27  2:35  Probe (Chrono Boost)  
  32  2:44  Probe (Chrono Boost)  
  32  2:45  Probe (Chrono Boost)  
  32  2:50  Probe x2 (Chrono Boost)  
  33  2:54  Oracle (Chrono Boost)  
  37  3:02  Probe x2  
  39  3:13  Pylon  
  39  3:14  Probe  
  40  3:20  Gateway  
  40  3:22  Oracle (Chrono Boost)  
  40  3:27  Probe x2  
  31  3:34  Adept  
  45  3:39  Probe x2  
  49  3:44  Pylon  
  49  3:51  Probe x2  
  51  3:57  Oracle (Chrono Boost)  
  54  4:03  Probe x2  
  56  4:11  Nexus  
  56  4:12  Pylon  
  56  4:15  Probe  
  56  4:16  Adept x2  
  54  4:24  Probe  
  54  4:27  Probe  
  56  4:33  Assimilator  
  56  4:35  Assimilator  
  56  4:36  Probe (Chrono Boost)  
  56  4:37  Shield Battery  
  57  4:39  Probe (Chrono Boost)  
  57  4:41  Twilight Council  
  57  4:42  Forge  
  58  4:48  Probe (Chrono Boost), Robotics Facility  
  58  4:52  Zealot  
  61  4:53  Probe (Chrono Boost)  
  61  4:54  Probe (Chrono Boost)  
  61  4:59  Probe  
  63  5:02  Probe  
  65  5:12  Probe (Chrono Boost)  
  66  5:15  Probe (Chrono Boost), Protoss Ground Weapons Level 1 (Chrono Boost), Pylon  
  66  5:17  Gateway x2  
  66  5:19  Charge  
  67  5:23  Probe (Chrono Boost)  
  67  5:27  Probe (Chrono Boost)  
  70  5:30  Probe (Chrono Boost), Zealot x2  
  70  5:34  Probe (Chrono Boost)  
  73  5:39  Probe  
  73  5:40  Probe  
  74  5:43  Probe  
  74  5:44  Observer  
  74  5:47  Templar Archives  
  76  5:50  Gateway  
  76  5:51  Gateway  
  76  5:53  Sentry  
  76  5:55  Probe (Chrono Boost), Gateway  
  80  5:57  Probe (Chrono Boost)  
  80  5:59  Probe (Chrono Boost)  
  80  6:01  Gateway  
  81  6:08  Probe (Chrono Boost)  
  82  6:14  Probe  
  83  6:18  Warp Prism (Chrono Boost)  
  83  6:20  Probe x2  
  83  6:22  Assimilator  
  83  6:23  Assimilator  
  87  6:27  Probe  
  87  6:29  Pylon  
  87  6:32  Probe, Gateway  
  89  6:33  Gateway  
  89  6:36  Psionic Storm, Pylon, Stalker  
  89  6:38  Probe, Pylon  
  92  6:42  Probe  
  93  6:47  Probe, Photon Cannon  
  93  6:52  Zealot  
  93  6:53  High Templar, Zealot  
  100  6:54  Zealot x3  
  100  6:57  High Templar  
  100  6:59  High Templar  
  110  7:04  Pylon  
  110  7:08  Immortal  
  114  7:27  Probe  
  111  7:31  High Templar  
  111  7:32  Zealot x5  
  111  7:33  Zealot  
  111  7:36  Pylon  
  125  7:38  Pylon  
  125  7:40  Pylon  
  125  7:41  Pylon  
  125  7:55  Immortal  
  123  8:00  High Templar x3  
  123  8:02  Zealot  
  123  8:03  Zealot x4  
  137  8:09  Zealot  
  137  8:10  Zealot  
  139  8:20  Pylon  
  139  8:22  Pylon  
  139  8:24  High Templar x2  
  139  8:26  Zealot x3  
  147  8:29  Archon  
  129  8:34  Immortal (Chrono Boost)  
  129  8:37  Archon x2  
  129  8:40  Zealot x5  
  103  8:53  High Templar  
  103  8:54  Zealot x2  
  107  9:00  Robotics Bay  
  95  9:10  Zealot x7  
Tags
 
Add a new tag
Caveats
  • Supply blocks, unpowered buildings, or Contaminate may cause inaccurate times.
  • Supply counts are checked every 10 seconds.